 Dungeon Crawl Stone Soup version 0.21-a0-260-g9b2435e (webtiles) character file.

215 Jeffwins the Cudgeler (level 5, -13/41 HPs)
             Began as a Mummy Fighter on Sept 8, 2017.
             Mangled by an ogre
             ... wielding a +0 giant club
              (29 damage)
             ... on level 4 of the Dungeon.
             The game lasted 00:03:27 (3082 turns).

Jeffwins the Cudgeler (Mummy Fighter)               Turns: 3082, Time: 00:03:27

Health: -13/41     AC:  7    Str: 21    XL:     5   Next: 60%
Magic:  5/5        EV:  7    Int:  7    God:
Gold:   118        SH:  9    Dex: 11    Spells: 4/4 levels left

rFire    x . .     SeeInvis .   a - +0 flail
rCold    + + .     Gourm    .   c - +0 shield
rNeg     + + +     Faith    .   b - +0 scale mail
rPois    ∞         Spirit   .   (no helmet)
rElec    .         Reflect  .   (no cloak)
rCorr    .         Harm     .   h - +0 pair of gloves
MR       +....                  (no boots)
Stlth    ..........             (no amulet)
HPRegen  0.13/turn              j - ring of protection from magic
MPRegen  0.09/turn              k - ring of protection from cold

@: no status effects
A: no food or potions, fire vulnerability, cold resistance 1, negative energy
resistance 3, torment resistance, unbreathing
a: no special abilities


You were on level 4 of the Dungeon.
You were not hungry.

You visited 1 branch of the dungeon, and saw 4 of its levels.

You collected 118 gold pieces.

Inventory:

Hand Weapons
 a - a +0 flail (weapon)
Missiles
 n - 3 javelins (quivered)
Armour
 b - a +0 scale mail (worn)
 c - a +0 shield (worn)
 h - a +0 pair of gloves (worn)
Jewellery
 j - a ring of protection from magic (left hand)
 k - a ring of protection from cold (right hand)
 l - an uncursed ring of flight
 p - an uncursed ring of protection from cold
Scrolls
 d - 2 scrolls of identify {unknown}
 e - a scroll of blinking {unknown}
 f - 2 scrolls of remove curse {unknown}
 g - a scroll of random uselessness {unknown}
 i - 2 scrolls of magic mapping {unknown}
 m - a scroll of noise {unknown}
 o - 2 scrolls of teleportation {unknown}
 q - a scroll of enchant weapon {unknown}
 r - a scroll of recharging {unknown}
 s - a scroll of fear {unknown}


   Skills:
 - Level 3.0 Fighting
 + Level 4.9 Maces & Flails
 - Level 2.4 Armour
 - Level 2.4 Shields


You had 4 spell levels left.
You didn't know any spells.

Dungeon Overview and Level Annotations

Branches:
Dungeon (4/15)
 Temple: D:4-7

Altars:


Innate Abilities, Weirdness & Mutations

You do not eat or drink.
Your flesh is vulnerable to fire.
You are immune to poison.
Your flesh is cold resistant. (rC+)
You are immune to negative energy. (rN+++)
You are immune to unholy pain and torment.
You can survive without breathing.


Message History

You kill the orc!
Items here: ))) ††† A ball python comes into view.
Items here: ))) †††
Okay, then.
A ball python is nearby!
An ogre comes into view. It is wielding a giant club.
The ogre shouts!
The ball python hisses angrily.
You block the ball python's attack. The ball python grabs you.
The ball python constricts you.
You hit the ball python.
You kill the ball python!
You sock the ogre!
The ogre is moderately wounded.
The ogre hits you with a giant club!
You barely miss the ogre.
The ogre is moderately wounded.
The ogre hits you with a giant club!!
Ouch! That really hurt!
You die...

.. ##.# ... #.#
####.##### # #........#
.# #........# .####
#........#########......
#..........O@..)...#
#.<...%..###########
#........# #........#
##########


You could see an ogre.

Vanquished Creatures
  A howler monkey (D:4)
  An orc priest (D:4)
  4 adders
  4 gnolls
  5 worms
  A leopard gecko (D:4)
  2 orcs (D:4)
  5 giant cockroaches
  7 goblins
  4 hobgoblins
  4 jackals
  A quokka (D:2)
  A ball python (D:4)
  5 bats
  A frilled lizard (D:3)
  10 kobolds
  A quokka skeleton (D:2)
  4 rats
61 creatures vanquished.

Notes
Turn   | Place    | Note
-------+----------+-------------------------------------------
     0 | D:1      | Jeffwins the Mummy Fighter began the quest for the Orb.
     0 | D:1      | Reached XP level 1. HP: 18/18 MP: 1/1
    91 | D:1      | Reached skill level 2 in Maces & Flails
   272 | D:1      | Reached XP level 2. HP: 23/24 MP: 2/2
   710 | D:2      | Reached skill level 3 in Maces & Flails
   710 | D:2      | Reached XP level 3. HP: 17/29 MP: 3/3
  1299 | D:2      | Reached XP level 4. HP: 10/35 MP: 4/4
  2170 | D:3      | Reached skill level 4 in Maces & Flails
  2846 | D:3      | Reached XP level 5. HP: 34/41 MP: 5/5
  3077 | D:4      | Noticed an ogre
  3082 | D:4      | Mangled by an ogre

Vault maps used:
D:1:      tarquinn_simple_flora_water_a
D:4:      minmay_temple_entry_statues_fountains, first_bread

Skill      XL: |  1  2  3  4 |
---------------+-------------+-----
Maces & Flails | 2 3 4 |  4.9
Fighting       | |  3.0
Armour         | |  2.4
Shields        | |  2.4

Action                   |  1- 3 |  4- 6 || total
-------------------------+-------+-------++-------
Melee: Flail             |   140 |   110 ||   250
Throw: Javelin           |     6 |       ||     6
Armor: Scale mail        |   120 |    36 ||   156
Dodge: Dodged            |    75 |    31 ||   106
Block: Shield            |   105 |    40 ||   145

Table legend:
 A = Spawn XP
 B = Non-spawn XP
 C = Spawn XP percentage of total XP
 D = Spawn monster count
 E = Non-spawn monster count
 F = Spawn count percentage of total count
 G = Total turns spent on level
                    A         B        C        D         E        F      G
               +---------+---------+-------+---------+---------+-------+---------
         Total |       0 |     308 |   0.0 |       0 |      61 |   0.0 |  3082
               +---------+---------+-------+---------+---------+-------+---------
           D:1 |       0 |      34 |   0.0 |       0 |      12 |   0.0 |   826
           D:2 |       0 |     102 |   0.0 |       0 |      27 |   0.0 |  1375
           D:3 |       0 |      70 |   0.0 |       0 |      16 |   0.0 |   837
           D:4 |       0 |     102 |   0.0 |       0 |       6 |   0.0 |    44
               +---------+---------+-------+---------+---------+-------+---------
